Map: Dusk Towers

Players

llllllllllll - Winner!

  • Race: Terran Terran
  • League: Grandmaster

Miszu

  • Race: Terran Terran
  • League: Master

VOD

Have the link to the VOD?

Description

Time

  • Played on: April 11, 2016, 3:22 p.m.
  • Length: 11:14
Show
View Real Time Build Order
Export as new Build Order

llllllllllll Terran - Winner!

Build Orders: Reaper Expand, Bio Tank 

Get SALT Encoding   

  12  0:01  SCV  
  13  0:13  SCV  
  14  0:19  Supply Depot  
  14  0:25  SCV  
  15  0:41  SCV  
  15  0:42  Barracks  
  16  0:46  Refinery  
  16  0:53  SCV  
  17  1:05  SCV  
  18  1:17  SCV  
  19  1:29  Orbital Command  
  19  1:30  Reaper  
  20  1:44  Command Center  
  20  1:52  Refinery  
  20  1:55  SCV  
  21  2:02  Supply Depot  
  21  2:04  Reaper  
  22  2:08  SCV  
  23  2:24  Factory, SCV  
  24  2:36  SCV  
  24  2:46  Barracks Reactor  
  24  2:48  SCV  
  25  2:56  Orbital Command  
  25  3:01  SCV  
  25  3:05  Command Center  
  26  3:14  Starport  
  26  3:15  SCV  
  26  3:18  Factory Tech Lab  
  27  3:22  SCV  
  27  3:23  Marine  
  27  3:26  Marine  
  30  3:28  SCV  
  31  3:35  SCV  
  31  3:39  Siege Tank  
  31  3:40  Marine, SCV  
  37  3:43  Marine  
  37  3:47  SCV  
  39  3:51  Viking  
  39  3:53  SCV  
  42  3:58  Refinery  
  42  3:59  Marine, SCV  
  44  4:05  SCV  
  45  4:12  SCV  
  45  4:16  Marine, Siege Tank, Orbital Command  
  50  4:17  SCV  
  50  4:23  Viking  
  53  4:25  SCV  
  53  4:31  SCV  
  56  4:33  Supply Depot  
  57  4:42  SCV x2  
  57  4:45  Refinery  
  57  4:53  SCV  
  57  4:57  Barracks Tech Lab  
  58  5:00  Supply Depot, SCV  
  58  5:01  SCV  
  58  5:04  Engineering Bay x2  
  60  5:11  SCV  
  57  5:14  SCV  
  57  5:16  Marine  
  57  5:17  Stimpack  
  57  5:18  Viking x2  
  57  5:20  Barracks, SCV  
  64  5:24  SCV  
  64  5:26  SCV  
  64  5:28  Siege Tank  
  69  5:32  SCV  
  69  5:33  Terran Infantry Weapons Level 1  
  70  5:35  Terran Infantry Armor Level 1  
  70  5:42  Marine, SCV  
  72  5:43  SCV  
  72  5:46  Orbital Command  
  72  5:49  Supply Depot  
  73  5:50  Barracks  
  73  5:52  Medivac x2  
  77  5:57  Supply Depot  
  77  6:06  SCV  
  77  6:10  Barracks Reactor  
  77  6:11  Supply Depot, SCV  
  78  6:14  Marine  
  78  6:15  Siege Tank, SCV  
  78  6:18  SCV  
  84  6:23  SCV  
  85  6:27  SCV  
  85  6:30  SCV  
  87  6:35  SCV  
  87  6:38  Marine  
  87  6:39  SCV  
  90  6:40  Barracks Reactor  
  90  6:41  Barracks  
  90  6:42  Medivac x2, SCV  
  90  6:43  Barracks  
  95  6:47  SCV  
  95  6:49  Marine x2, Siege Tank  
  95  6:53  Refinery x2  
  101  6:55  Supply Depot  
  101  6:56  Supply Depot  
  101  6:57  SCV x2  
  101  6:59  SCV  
  104  7:03  Supply Depot  
  104  7:10  Marine x2  
  104  7:11  Marine  
  107  7:17  Medivac x2, SCV  
  107  7:18  Marine x2, SCV x2  
  116  7:28  Marine x2  
  116  7:29  Marine, SCV  
  111  7:34  Siege Tank  
  111  7:36  Marine x2  
  111  7:37  SCV x2  
  117  7:39  Barracks Reactor  
  117  7:40  Barracks Reactor  
  117  7:41  Armory  
  115  7:45  Marine  
  115  7:46  Marine  
  115  7:47  Marine  
  118  7:51  Medivac x2  
  118  7:54  Marine x2  
  124  8:03  Marine x2  
  124  8:04  Command Center  
  124  8:05  Marine  
  127  8:09  Siege Tank  
  127  8:11  Marine x2  
  127  8:12  Factory  
  132  8:15  Combat Shields  
  132  8:16  Marine  
  133  8:24  Supply Depot  
  133  8:25  Supply Depot  
  133  8:27  Supply Depot  
  133  8:31  Supply Depot, Terran Infantry Armor Level 2, Terran Infantry Weapons Level 2  
  133  8:41  Supply Depot x2  
  133  8:43  Missile Turret  
  133  8:46  Marine x9, SCV  
  133  8:47  Medivac, SCV x2  
  147  8:51  Medivac, Siege Tank  
  130  9:03  Marine x7  
  130  9:04  Marine x2  
  130  9:05  Factory Tech Lab  
  138  9:19  Factory  
  138  9:21  Marine x4  
  138  9:23  Siege Tank  
  145  9:26  Marine x3, Siege Tank, Refinery  
  145  9:27  Marine x2  
  153  9:39  Marine x4  
  153  9:40  Medivac x2, Barracks  
  153  9:41  Barracks  
  161  9:45  Planetary Fortress  
  161  9:48  Marine x5  
  166  9:57  Marine x4  
  170  10:02  Siege Tank x2  
  170  10:04  Factory Tech Lab  
  170  10:05  Supply Depot, Marine  
  170  10:06  Marine x3, Missile Turret  
  179  10:07  Marine  
  180  10:15  Marine x2  
  180  10:29  Marine  
  180  10:30  Marine x2  
  180  10:31  Marine x3  
  180  10:32  Barracks Tech Lab  
  180  10:34  Barracks Reactor  
  186  10:37  Command Center  
  186  10:48  Marine x4  
  186  10:49  Marine  
  198  11:00  Command Center  
Show
View Real Time Build Order
Export as new Build Order

Miszu Terran 

Build Orders: Bio Tank 

Get SALT Encoding   

  12  0:01  SCV  
  13  0:13  SCV  
  14  0:17  Supply Depot  
  14  0:25  SCV  
  15  0:39  SCV  
  15  0:41  Barracks  
  16  0:43  Refinery  
  16  0:54  SCV  
  17  1:06  SCV  
  18  1:18  SCV  
  19  1:29  Barracks Reactor  
  19  1:30  Orbital Command  
  19  1:49  Command Center  
  19  1:57  SCV  
  20  2:05  Marine x2  
  21  2:10  SCV  
  21  2:12  Factory  
  22  2:24  Marine  
  22  2:27  Supply Depot  
  23  2:31  Supply Depot  
  23  2:49  Marine x2, SCV  
  26  2:56  Starport, Factory Tech Lab  
  26  3:00  Refinery  
  26  3:01  Widow Mine  
  26  3:05  Orbital Command  
  28  3:06  Marine  
  28  3:09  Marine  
  28  3:11  SCV  
  31  3:18  Supply Depot  
  31  3:23  Orbital Command  
  31  3:24  Marine  
  31  3:25  SCV  
  31  3:27  Marine  
  33  3:33  Medivac  
  36  3:34  Factory Tech Lab  
  36  3:39  SCV  
  37  3:49  SCV  
  37  3:51  Marine x2, SCV  
  41  3:58  Siege Tank  
  41  4:01  SCV  
  45  4:03  SCV  
  46  4:13  SCV  
  46  4:15  SCV  
  48  4:24  Command Center  
  48  4:25  SCV  
  48  4:27  SCV  
  48  4:30  Supply Depot  
  50  4:37  SCV  
  51  4:44  SCV  
  52  4:49  Barracks, SCV  
  52  4:51  Barracks  
  53  4:56  SCV  
  54  5:00  Refinery x2  
  54  5:01  SCV  
  54  5:08  SCV  
  54  5:11  Marine  
  54  5:12  Starport Reactor, Marine  
  54  5:13  SCV  
  49  5:18  Siege Tank  
  49  5:21  SCV  
  53  5:25  SCV  
  54  5:29  Engineering Bay  
  54  5:31  Engineering Bay  
  54  5:33  SCV  
  55  5:36  Barracks Tech Lab  
  55  5:37  Barracks Tech Lab  
  55  5:38  SCV  
  55  5:42  Orbital Command  
  56  5:45  SCV  
  56  5:48  Marine x2  
  59  5:50  SCV  
  59  5:54  Medivac x2  
  59  5:56  Terran Infantry Weapons Level 1  
  64  5:57  SCV  
  64  6:00  Terran Infantry Armor Level 1  
  64  6:03  SCV  
  66  6:09  Siege Tank, SCV  
  66  6:10  Stimpack  
  70  6:12  Combat Shields  
  70  6:15  SCV x2  
  72  6:19  Marine  
  72  6:21  Marine, SCV  
  72  6:22  Marine  
  72  6:25  Marine  
  76  6:27  SCV  
  76  6:32  Medivac x2  
  81  6:33  SCV x2  
  81  6:36  Marine  
  81  6:39  Marine  
  85  6:49  Supply Depot  
  85  6:50  Barracks  
  85  6:51  Barracks  
  85  6:53  Marine x2, SCV x3  
  90  6:54  Marine  
  90  6:57  Marine  
  90  7:00  Supply Depot  
  92  7:02  Supply Depot  
  92  7:05  SCV  
  93  7:11  Refinery, Marine x2, Siege Tank, SCV x2  
  93  7:12  Refinery, Marine  
  93  7:14  Marine  
  99  7:17  SCV  
  85  7:34  Marine  
  85  7:35  Marine x3, Medivac  
  85  7:36  Medivac  
  85  7:37  SCV  
  92  7:41  Refinery  
  92  7:42  Barracks Reactor x2  
  92  7:43  Siege Tank  
  95  7:52  Marine x4  
  95  7:55  SCV x3  
  95  7:56  Armory  
  102  8:07  SCV x3  
  102  8:08  Factory  
  102  8:10  Supply Depot  
  102  8:11  Supply Depot  
  105  8:12  Marine  
  105  8:13  Supply Depot, Marine  
  105  8:15  Siege Tank  
  105  8:17  Marine x2  
  105  8:19  SCV x3  
  115  8:20  Marine  
  115  8:25  Marine  
  117  8:31  Marine x3, Medivac x2, SCV  
  117  8:34  Supply Depot  
  125  8:35  Supply Depot x2  
  125  8:44  Marine x2  
  125  8:45  Marine, Sensor Tower, Missile Turret  
  125  8:46  Sensor Tower  
  103  9:09  Marine x8  
  110  9:10  Medivac x2, Siege Tank  
  110  9:14  SCV x3  
  121  9:19  Terran Vehicle Weapons Level 1  
  121  9:23  Engineering Bay, Factory Tech Lab  
  121  9:26  Marine  
  121  9:27  Marine x7  
  129  9:33  Supply Depot  
  129  9:34  Supply Depot x2  
  129  9:40  Medivac x2  
  129  9:44  Marine  
  129  9:45  Marine x6  
  140  9:48  Marine, Siege Tank  
  143  9:53  Siege Tank  
  146  10:07  Marine x8  
  154  10:25  Marine  
  155  10:29  Siege Tank x2  
  155  10:30  Command Center  
  165  10:51  Supply Depot x2  
  165  10:53  Marine x3  
  165  10:54  Marine x5  
Tags
 
Add a new tag
Caveats
  • Supply blocks, unpowered buildings, or Contaminate may cause inaccurate times.
  • Supply counts are checked every 10 seconds.